 Dungeon Crawl Stone Soup version 0.31-a0-604-g8e0283293c (webtiles) character file.

Game seed: 9683731165595598704

961 Turgor the Changeling (level 8, -2/61 HPs)
             Began as a Merfolk Shapeshifter on Aug 21, 2023.
             Was an Initiate of Ru.
             Slain by a steam dragon (3 damage)
             ... on level 5 of the Dungeon.
             The game lasted 00:18:01 (4629 turns).

Turgor the Changeling (Merfolk Shapeshifter)        Turns: 4629, Time: 00:18:02

Health: -2/61      AC:  4    Str: 15    XL:     8   Next: 15%
Magic:  8/8        EV: 14    Int:  9    God:    Ru [......]
Gold:   78         SH:  0    Dex: 15    Spells: 7/7 levels left

rFire   + .          .
                       - Unarmed
rCold   + + .        (shield currently unavailable)
rNeg    . . .        a - +1 animal skin
rPois   +            (no helmet)
rElec   +            (no cloak)
rCorr   +            r - +0 pair of gloves
SInv    .            (no boots)
Will    .....        (no amulet)
Stlth   +            q - ring of protection from cold
HPRegen 0.30/turn    (no ring)
MPRegen 0.11/turn

%: no passive effects
@: flux-form, resistant, glowing
A: glow, contaminating, (nimble swimmer 2), mertail
a: Begin Untransformation, Renounce Religion


You were on level 5 of the Dungeon.
You worshipped Ru.
Ru was noncommittal.
You were something dangerously unstable.
You visited 2 branches of the dungeon, and saw 6 of its levels.

You collected 175 gold pieces.
You spent 97 gold pieces at shops.

Inventory:

Missiles
 x - 6 poisoned darts (quivered)
 y - a throwing net
Armour
 a - a +1 animal skin (worn)
 r - a +0 pair of gloves (worn)
Jewellery
 q - a ring of protection from cold (left hand)
Talismans
 c - a beast talisman
 d - a flux talisman (active)
 l - a blade talisman
Wands
 h - a wand of light (3)
 o - a wand of roots (20)
Scrolls
 b - 2 scrolls of enchant weapon {unknown}
 j - 3 scrolls of immolation
 n - a scroll of fear
 s - a scroll of blinking {unknown}
 t - 2 scrolls of amnesia {unknown}
 v - a scroll of summoning {unknown}
 A - a scroll of teleportation {unknown}
 C - a scroll of revelation {unknown}
 D - a scroll of poison {unknown}
Potions
 g - a potion of haste
 k - 3 potions of brilliance
 m - 2 potions of lignification
 u - a potion of enlightenment
 w - a potion of mutation
 z - a potion of might {unknown}
 B - a potion of heal wounds {unknown}


   Skills:
 + Level 4.4 Fighting
 + Level 5.9 Dodging
 + Level 5.4 Unarmed Combat
 * Level 7.5 Shapeshifting


You had 7 spell levels left.
You didn't know any spells.
Your spell library contained the following spells:

 Spells                   Type           Power      Damage    Failure   Level
 Kiss of Death            Conj/Necr      0%         2d5       38%         1
 Confusing Touch          Hex            0%         N/A       77%         3
 Dispel Undead            Necr           0%         3d6       99%         4


Dungeon Overview and Level Annotations

Branches:
Dungeon (5/15)             Temple (1/1) D:5

Altars:
Ashenzari
Cheibriados
Fedhas
Gozag
Hepliaklqana
Kikubaaqudgha
Makhleb
Ru
Sif Muna
Trog
Wu Jian
Xom
Yredelemnul
Zin
The Shining One

Shops:
D:3 *   D:4 *

Annotations:
Temple 4 transporters


Innate Abilities, Weirdness & Mutations

You are something dangerously unstable.
You glow with magical radiation, making you easy to see and hit.
Foes you strike become dangerously contaminated with magical radiation.
You are incapable of wielding weapons or throwing items.
((You are very nimble when in or above water. (Stealth+, EV+, Speed+++)))
Your lower body shifts to a powerful aquatic tail in water.


Message History

The fungus is engulfed in a cloud of scalding steam.
The steam dragon bites you but does no damage.
The steam dragon claws you but does no damage.
The steam dragon bites you.
* * * LOW HITPOINT WARNING * * *
The steam dragon completely misses you.
Unknown command.
You feel better.
The fungus is engulfed in a cloud of scalding steam.
The steam dragon barely misses you. The steam dragon closely misses you.
The steam dragon completely misses you. The steam dragon barely misses you.
You are confused.
You feel invigorated.
The fungus is engulfed in a cloud of scalding steam. x2
The steam dragon barely misses you. The steam dragon claws you.
The steam dragon misses you. The steam dragon closely misses you.
You barely miss the steam dragon.
A nearby fungus withers and dies. x2
The steam dragon bites you! The steam dragon closely misses you.
The steam dragon breathes steam at you. The ball of steam hits you. You resist.
* * * LOW HITPOINT WARNING * * *
Unknown command.
You barely miss the steam dragon. The steam dragon bites you!
* * * LOW HITPOINT WARNING * * *
The steam dragon closely misses you. The steam dragon bites you.
* * * LOW HITPOINT WARNING * * *
The steam dragon closely misses you.
You closely miss the steam dragon.
The steam dragon is heavily wounded.
You feel less invigorated.
You feel less confused. The steam dragon bites you!
* * * LOW HITPOINT WARNING * * *
The steam dragon closely misses you. x3
You closely miss the steam dragon.
The steam dragon is heavily wounded.
The steam dragon bites you.
* * * LOW HITPOINT WARNING * * *
The steam dragon claws you.
You die...

.............#..P#.##..####....#.
#.......#....#P.P#.....####...#..
...........#.##..#......##...##.#
#...>...#..##.#P.#...........#...
............#.#~.###.............
#.......#.....#...##..#..#.......
..............#.ยง.#..#####..##...
#.#.#.#.#.....#..^#..#.####..#...
..............#.B^##.)).)........
...........##.#.DD##...###.......
...........## #..~##...###....#(.
............##...~P#....##....#..
...........##.~..P~##.........##.
...........#PP....~.#..#.........
...........#.P....~P#.###........
...........#P~....P#####.........
..........###~...~.# ###.........


You could see 2 steam dragons.

Vanquished Creatures
  2 ogres (D:5)
  A phantom (D:3)
  A kobold brigand (D:5)
  3 scorpions
  A jelly (D:5)
  A hound (D:5)
  A gnoll bouda (D:4)
  An iguana (D:5)
  Terence (D:2)
  5 orc wizards
  4 gnolls (D:4)
  7 adders
  2 worms (D:2)
  6 dart slugs
  7 orcs
  7 endoplasms
  2 giant cockroaches
  4 goblins
  3 hobgoblins
  3 quokkas
  11 ball pythons
  7 bats
  4 frilled lizards
  12 kobolds
  5 rats
101 creatures vanquished.

Notes
Turn   | Place    | Note
-------+----------+-------------------------------------------
     0 | D:1      | Turgor the Merfolk Shapeshifter began the quest for the
                  | Orb.
     0 | D:1      | Reached XP level 1. HP: 15/15 MP: 1/1
   153 | D:1      | Reached XP level 2. HP: 21/21 MP: 2/2
   682 | D:1      | Reached XP level 3. HP: 25/26 MP: 3/3
   916 | D:2      | Noticed Terence
   927 | D:2      | Killed Terence
   928 | D:2      | Reached XP level 4. HP: 15/33 MP: 4/4
  1664 | D:3      | Found Denah's General Store.
  1687 | D:3      | Bought a scroll of identify for 20 gold pieces
  1711 | D:3      | Reached skill level 5 in Shapeshifting
  1798 | D:3      | Noticed a phantom
  2045 | D:3      | Noticed a scorpion
  2066 | D:3      | Killed a scorpion
  2067 | D:3      | Reached XP level 5. HP: 39/39 MP: 5/5
  2314 | D:3      | Found a faded altar of an unknown god.
  2442 | D:3      | Killed a phantom
  2443 | D:3      | Reached XP level 6. HP: 46/47 MP: 6/6
  2484 | D:4      | Reached skill level 6 in Shapeshifting
  2675 | D:4      | Reached XP level 7. HP: 37/52 MP: 7/7
  2887 | D:4      | Reached skill level 5 in Dodging
  3347 | D:4      | Found Noopair's General Store.
  3353 | D:4      | Bought a scroll of noise for 11 gold pieces
  3353 | D:4      | Bought a scroll of identify for 22 gold pieces
  3353 | D:4      | Bought a scroll of immolation for 44 gold pieces
  3734 | D:5      | Entered Level 5 of the Dungeon
  3745 | D:5      | Reached skill level 5 in Unarmed Combat
  3861 | D:5      | Reached skill level 7 in Shapeshifting
  3925 | D:5      | Reached XP level 8. HP: 29/60 MP: 8/8
  4087 | D:5      | Found a glowing golden altar of the Shining One.
  4125 | D:5      | Found a blossoming altar of Fedhas.
  4125 | D:5      | Found an ancient bone altar of Kikubaaqudgha.
  4436 | D:5      | Found a shimmering blue altar of Sif Muna.
  4496 | D:5      | Found a staircase to the Ecumenical Temple.
  4505 | Temple   | Found a transporter.
  4505 | Temple   | Found a transporter.
  4505 | Temple   | Found a transporter.
  4505 | Temple   | Found a transporter.
  4505 | Temple   | Entered the Ecumenical Temple
  4523 | Temple   | Became a worshipper of Ru the Awakened
  4629 | D:5      | HP: 1/61 [steam dragon (5)]
  4629 | D:5      | Slain by a steam dragon

Illustrated notes

Levels and vault maps discovered:
D:1:      dpeg_arrival_boxes_within_box, layout_loops_corners
D:2:      layout_loops_ring, lightli_corner_chamber, uniq_terence
D:3:      layout_basic, serial_shops, shop,
          hellmonk_ecumenical_altar_arch_garden
D:4:      layout_basic, serial_shops, shop
D:5:      kennysheep_steamy, layout_cave_pools,
          grunt_temple_overflow_growth_and_decay, lemuel_blue_sif_altar,
          tso_oasis_becter, minmay_temple_entry_glass
Temple:   hellmonk_temple_divided_pantheon

Skill      XL: |  1  2  3  4  5  6  7 |
---------------+----------------------+-----
Dodging        | 3 4 5 |  5.9
Fighting       | 2 3 4 |  4.4
Shapeshifting  | 5 6 7 |  7.5
Unarmed Combat | 4 5 |  5.4

Action                     |  1- 3 |  4- 6 |  7- 9 || total
---------------------------+-------+-------+-------++-------
  Melee: Unarmed           |    62 |   133 |   145 ||   340
         Punch             |     1 |     1 |       ||     2
  Throw: Stone             |       |     4 |       ||     4
  Evoke: Wand              |       |     3 |     1 ||     4
    Use: Scroll            |     2 |     3 |     4 ||     9
         Potion            |     1 |       |     4 ||     5
   Stab: Sleeping          |     3 |     2 |       ||     5
         Invisible         |       |     4 |       ||     4
 Armour: Animal skin       |    10 |    16 |    18 ||    44
         Skin              |     3 |       |       ||     3
  Dodge: Dodged            |    30 |    84 |    84 ||   198
   Form: Flux              |       |     1 |       ||     1

Table legend: (Time is in decaauts)
 A = Elapsed time spent in this place.
 B = Non-inter-level travel time spent in this place.
 C = Inter-level travel time spent in this place.
 D = Time resting spent in this place.
 E = Time spent auto-exploring this place.
 F = Levels seen in this place.
 G = Mean time per level.
                   A        B        C        D        E       F      G
               +--------+--------+--------+--------+--------+-----+--------+
         Total |   4599 |   4428 |    171 |    570 |   2912 |   6 |  766.5 |
       Dungeon |   4562 |   4408 |    154 |    570 |   2912 |   5 |  912.4 |
        Temple |     36 |     19 |     17 |      0 |      0 |   1 |   36.0 |
               +--------+--------+--------+--------+--------+-----+--------+

Top non-repeatable levels by time:
     D:4: 1258 daAuts
     D:2: 876 daAuts
     D:5: 850 daAuts
     D:1: 797 daAuts
     D:3: 780 daAuts
  Temple: 36 daAuts
